Map: Persephone LE

Players

Spirit (souL) - Winner!

  • Race: Terran Terran
  • League: Grandmaster
  • Spawn Location: 7:00

Krystianer

  • Race: Protoss Protoss
  • League: Master
  • Spawn Location: 11:00

Event: FEL Cracov 2025

VOD

Have the link to the VOD?

Description

Time

  • Played on: July 27, 2025, 9:26 a.m.
  • Length: 10:50

All games in this series

Show
View Real Time Build Order
Export as new Build Order

Spirit Terran - Winner!

Build Orders:  

Get SALT Encoding   

  12  0:00  SCV  
  13  0:12  SCV  
  14  0:17  Supply Depot  
  14  0:24  SCV  
  15  0:39  SCV  
  15  0:40  Barracks  
  16  0:51  SCV  
  16  0:56  Refinery  
  17  1:03  SCV  
  18  1:15  Engineering Bay, SCV  
  19  1:29  Marine  
  19  1:31  Orbital Command  
  20  1:48  Barracks Reactor  
  20  1:53  Command Center  
  20  1:57  SCV  
  21  2:07  Supply Depot  
  21  2:09  SCV  
  22  2:21  SCV  
  23  2:28  Marine x2  
  25  2:33  SCV  
  26  2:37  Command Center  
  26  2:46  Factory  
  26  2:47  SCV  
  26  2:50  Marine  
  28  2:52  Marine  
  29  2:59  Bunker  
  29  3:01  SCV  
  30  3:10  Orbital Command  
  30  3:13  SCV  
  30  3:15  Marine  
  30  3:18  Marine  
  33  3:25  SCV  
  34  3:31  Hellion  
  36  3:35  Barracks  
  36  3:37  SCV x2  
  36  3:38  Marine  
  36  3:41  Marine  
  40  3:49  SCV, Orbital Command  
  40  3:50  SCV  
  40  3:52  Factory Tech Lab  
  42  3:56  Marine  
  42  3:59  Marine  
  42  4:01  SCV  
  42  4:02  SCV  
  46  4:03  Engineering Bay  
  46  4:10  Barracks  
  46  4:13  SCV, Siege Tank  
  46  4:14  Marine  
  51  4:17  Marine, SCV  
  51  4:19  SCV  
  54  4:25  SCV  
  54  4:28  Barracks Tech Lab  
  54  4:29  SCV  
  54  4:31  SCV, Missile Turret  
  57  4:32  Refinery, Marine  
  57  4:37  SCV, Refinery  
  59  4:40  Refinery  
  59  4:41  SCV, Marine  
  61  4:52  Supply Depot  
  61  4:55  Supply Depot  
  61  5:01  Stimpack  
  61  5:13  Barracks Tech Lab, Barracks x2, Marine x3, SCV  
  61  5:14  SCV, Siege Tank  
  69  5:17  SCV, Starport  
  70  5:26  SCV x2  
  72  5:29  SCV  
  72  5:30  Supply Depot, Terran Infantry Weapons Level 1  
  72  5:31  Marine  
  72  5:32  Marauder  
  72  5:33  Supply Depot, Marine  
  77  5:38  Combat Shield  
  77  5:39  SCV  
  76  5:50  SCV  
  76  5:52  SCV, Marauder, Supply Depot  
  76  5:54  Starport Reactor  
  76  5:55  Marine, Supply Depot, Marauder  
  83  6:01  Barracks Reactor  
  83  6:02  Barracks Tech Lab  
  83  6:06  Marine  
  84  6:13  Marauder  
  84  6:15  Supply Depot  
  84  6:17  Marine, Marauder  
  84  6:18  Supply Depot  
  89  6:22  Marauder  
  89  6:24  Marine  
  90  6:30  SCV x2  
  90  6:31  Medivac x2  
  96  6:33  Orbital Command  
  96  6:35  Marauder, Marine  
  96  6:38  Marine  
  96  6:39  Marine x2, Supply Depot  
  102  6:41  Supply Depot, Concussive Shells, Siege Tank  
  102  6:42  Marine  
  102  6:43  Marauder  
  108  6:53  Marine  
  107  6:56  Marine x2, Marauder  
  107  6:57  Marine  
  107  6:59  Marine  
  111  7:01  Medivac  
  111  7:04  Medivac  
  111  7:05  SCV x2, Marauder  
  119  7:11  Marine  
  119  7:14  Marine, Marauder, SCV  
  119  7:15  Marine  
  125  7:17  Marauder  
  125  7:18  Marine  
  128  7:26  Marauder  
  128  7:27  Supply Depot x2  
  128  7:28  Marine  
  127  7:31  Viking  
  127  7:32  Marine  
  127  7:33  Marine  
  127  7:36  Marauder  
  128  7:37  Marine  
  128  7:39  Marauder  
  133  7:44  Siege Tank  
  133  7:46  Marine  
  133  7:47  Marauder  
  133  7:50  Marine x2  
  138  7:51  Viking  
  138  7:55  Marine  
  138  7:57  Marauder  
  139  8:00  Marauder  
  139  8:04  Marine  
  123  8:08  Marine x2  
  123  8:09  Marauder  
  123  8:12  Marine  
  114  8:14  SCV x2  
  114  8:15  SCV  
  114  8:16  Siege Tank  
  114  8:19  Marauder  
  120  8:22  Marauder, Marine  
  120  8:23  Medivac  
  120  8:25  Marine  
  120  8:26  Marine, SCV x2  
  127  8:27  SCV  
  127  8:30  Marine x2  
  130  8:38  SCV x2, Medivac  
  130  8:39  Marine, SCV  
  130  8:40  Marine  
  134  8:42  Marine  
  134  8:43  Marine  
  134  8:44  Marine  
  136  8:49  Marine  
  136  8:50  SCV  
  136  8:51  SCV x2, Marine  
  126  8:57  Medivac  
  126  8:59  Marine, Marauder  
  126  9:00  Marine  
  122  9:07  Marine  
  122  9:08  Medivac  
  122  9:09  SCV  
  120  9:10  Marauder  
  119  9:17  Marine  
  119  9:19  Marauder  
  119  9:21  SCV  
  119  9:23  SCV  
  124  9:25  Marine, Marauder  
  124  9:27  Medivac  
  129  9:33  SCV  
  129  9:34  Marauder  
  129  9:36  Marine  
  129  9:37  SCV  
  134  9:40  SCV, Marine, Marauder  
  138  9:48  SCV  
  138  9:49  Marine  
  138  9:51  SCV  
  141  9:54  Marine  
  141  9:55  Marauder  
  141  9:56  Marine, Marauder  
  135  10:11  Medivac  
  128  10:15  Marine  
  128  10:16  Marauder, Marine  
  128  10:18  Medivac  
  128  10:19  Marine  
  131  10:22  Marine  
  131  10:27  Marine  
  130  10:31  Marine  
Show
View Real Time Build Order
Export as new Build Order

Krystianer Protoss 

Build Orders: 1 Gate Expand, Blink Stalkers, Chargelot Immortal 

Get SALT Encoding   

  12  0:00  Probe  
  13  0:12  Probe  
  14  0:18  Pylon  
  14  0:23  Probe  
  15  0:32  Probe  
  15  0:36  Gateway  
  15  0:40  Probe  
  16  0:45  Assimilator  
  17  0:52  Probe  
  18  1:04  Probe  
  19  1:16  Probe  
  20  1:28  Probe  
  20  1:30  Cybernetics Core  
  21  1:42  Nexus  
  21  1:48  Pylon  
  21  1:52  Probe  
  22  1:57  Assimilator, Adept  
  22  2:04  Probe  
  25  2:10  Warp Gate  
  25  2:16  Probe  
  25  2:17  Adept  
  26  2:29  Probe  
  29  2:34  Twilight Council  
  29  2:36  Blink  
  29  2:42  Probe  
  30  2:50  Stalker  
  30  2:53  Probe  
  30  2:54  Probe  
  34  3:05  Shield Battery  
  34  3:06  Probe x2  
  36  3:18  Probe x2  
  38  3:24  Gateway  
  38  3:31  Probe x2  
  40  3:34  Robotics Facility  
  40  3:40  Gateway  
  40  3:43  Probe  
  40  3:44  Probe  
  42  3:49  Pylon  
  42  3:55  Probe  
  43  3:57  Probe  
  43  3:58  Stalker  
  46  4:12  Nexus  
  46  4:13  Probe  
  46  4:15  Probe  
  48  4:23  Observer, Assimilator  
  49  4:25  Stalker, Probe  
  49  4:29  Pylon, Probe  
  53  4:39  Probe  
  54  4:47  Observer, Pylon, Probe, Stalker x2  
  54  4:50  Stalker  
  62  5:02  Gateway  
  62  5:03  Gateway  
  62  5:04  Charge  
  62  5:05  Probe x2  
  64  5:08  Warp Prism  
  64  5:13  Probe  
  64  5:17  Probe  
  64  5:21  Probe  
  68  5:23  Gateway  
  68  5:24  Probe, Observer  
  68  5:26  Stalker  
  72  5:29  Probe  
  72  5:32  Probe x2, Stalker  
  76  5:41  Probe  
  78  5:44  Probe  
  78  5:46  Pylon  
  79  5:50  Templar Archives  
  79  5:51  Gateway  
  79  5:52  Gateway  
  79  5:56  Probe  
  79  5:57  Probe x2  
  82  5:59  Pylon  
  82  6:06  Zealot x2  
  82  6:07  Zealot x2  
  90  6:18  Forge  
  90  6:19  Observer, Zealot x2, Psionic Storm, Pylon  
  94  6:27  Zealot x2  
  94  6:28  Zealot  
  100  6:36  Pylon  
  100  6:37  Pylon  
  100  6:38  Probe  
  101  6:43  High Templar x2  
  105  6:50  Zealot x2, Pylon  
  109  6:58  Nexus  
  109  7:03  High Templar, Zealot x3  
  109  7:05  Probe, Immortal  
  118  7:10  Pylon  
  118  7:12  Pylon, Probe  
  118  7:13  Probe  
  124  7:32  Zealot x7  
  124  7:34  Protoss Ground Weapons Level 1  
  124  7:36  Stalker  
  132  7:37  Probe  
  129  7:45  Probe  
  130  7:53  Zealot x2  
  130  7:54  Zealot x5  
  144  8:01  Zealot, Immortal  
  120  8:16  Zealot x7  
  120  8:17  Probe  
  120  8:18  Probe  
  132  8:21  Zealot  
  134  8:33  Assimilator  
  134  8:34  Warp Prism  
  134  8:36  Zealot x5, Assimilator  
  144  8:42  Zealot x3  
  122  8:57  Immortal  
  122  8:58  Zealot x5  
  108  9:13  Stalker x3  
  110  9:19  Zealot x5  
  110  9:22  Robotics Bay  
  110  9:24  Immortal, Robotics Facility  
  120  9:27  Probe  
  120  9:38  High Templar x2  
  128  9:39  Zealot x6  
  140  9:54  Probe  
  135  10:00  Immortal  
  135  10:03  Zealot x6  
  147  10:11  Stalker x2  
  134  10:32  Zealot x3  
  132  10:40  Zealot x4  
Tags
 
Add a new tag
Caveats
  • Supply blocks, unpowered buildings, or Contaminate may cause inaccurate times.
  • Supply counts are checked every 10 seconds.